 Seeded DCSS version 0.31-a0-1540-g5a0b83f448 (webtiles) character file.

Game seed: 12116408732775028092 (custom seed)

49 voltaire321 the Trooper (level 3, 0/33 HPs)
             Began as a Hill Orc Fighter on Jan 2, 2024.
             Succumbed to an adder's poison
             ... on level 2 of the Dungeon.
             The game lasted 00:01:42 (946 turns).

voltaire321 the Trooper (Hill Orc Fighter)           Turns: 946, Time: 00:01:43

Health: 0/33       AC: 11    Str: 20    XL:     3   Next: 75%
Magic:  3/3        EV:  9    Int:  8    God:
Gold:   69         SH:  4    Dex: 10    Spells: 2/2 levels left

rFire   . . .        a - +0 war axe
rCold   . . .        c - +0 buckler
rNeg    . . .        b - +0 scale mail
rPois   .            l - +2 helmet
rElec   .            (no cloak)
rCorr   .            f - +0 pair of gloves
SInv    .            (no boots)
Will    .....        (no amulet) Stlth
                     (no ring)
HPRegen 0.25/turn    (no ring)
MPRegen 0.08/turn

%: no passive effects
@: lethally poisoned (0 -> -10)
A: no striking features
a: no special abilities


You were on level 2 of the Dungeon.
You visited 1 branch of the dungeon, and saw 2 of its levels.

You collected 69 gold pieces.

Inventory:

Hand Weapons
 a - a +0 war axe (weapon)
Missiles
 e - 4 poisoned darts
Armour
 b - a +0 scale mail (worn)
 c - a +0 buckler (worn)
 f - a +0 pair of gloves (worn)
 l - a +2 helmet (worn)
Scrolls
 h - 2 scrolls of amnesia {unknown}
 i - a scroll of enchant weapon {unknown}
 k - 2 scrolls of fear {unknown}
Potions
 d - 2 potions of might
 g - a potion of invisibility {unknown}
 j - a potion of lignification {unknown}


   Skills:
 + Level 4.0 Fighting
 + Level 3.3 Axes
 + Level 3.7 Armour
 + Level 1.0 Dodging
 + Level 3.7 Shields


You had 2 spell levels left.
You didn't know any spells.
Your spell library was empty.

Dungeon Overview and Level Annotations

Branches:
Dungeon (2/15)

Altars:


Message History

The sling bullet closely misses you. You block the giant cockroach's attack.
You miss the adder.
The adder is heavily wounded.
You hit the giant cockroach. You block the adder's attack.
The goblin shoots a sling bullet.
The sling bullet hits you. The giant cockroach bites you. The adder bites you.
The goblin shoots a sling bullet.
The sling bullet hits you.
You miss the adder.
The adder is heavily wounded.
You closely miss the giant cockroach. You block the giant cockroach's attack.
You block the adder's attack. The giant cockroach closely misses you.
The adder bites you.
You are poisoned.
The adder poisons you!
You miss the adder.
The adder is heavily wounded.
You slash the giant cockroach!
You kill the giant cockroach!
You feel sick. The adder bites you.
You are more poisoned.
The adder poisons you!
The goblin shoots a sling bullet.
The sling bullet hits you. The adder barely misses you.
You barely miss the adder.
The adder is heavily wounded.
You slash the goblin!
You kill the goblin!
* * * LOW HITPOINT WARNING * * *
You feel very sick. The adder bites you.
* * * LOW HITPOINT WARNING * * *
You are more poisoned.
The adder poisons you! You block the adder's attack.
You closely miss the adder.
The adder is heavily wounded.
* * * LOW HITPOINT WARNING * * *
You feel very sick. The adder barely misses you.
The adder bites you but does no damage.
You miss the adder.
The adder is moderately wounded.
You die...

.#
###.##########
.# #.# .# #.#
... #####.#
##.. #..<..# #.
####.###.#
.........#
#........#
#.....S@.#
#.....†).#
#....!.....
....?........
.^............#
......##.....##
....#. .......
....#. ..$..#.


You could see an adder.

Vanquished Creatures
  A gnoll (D:1)
  A dart slug (D:2)
  3 endoplasms
  2 giant cockroaches (D:2)
  3 goblins
  3 hobgoblins
  6 jackals (D:1)
  4 kobolds
  2 quokkas (D:1)
  2 ball pythons (D:1)
  2 bats
  2 rats
31 creatures vanquished.

Notes
Turn   | Place    | Note
-------+----------+-------------------------------------------
     0 | D:1      | voltaire321 the Hill Orc Fighter began the quest for the
                  | Orb.
     0 | D:1      | Reached XP level 1. HP: 19/19 MP: 1/1
   156 | D:1      | Reached XP level 2. HP: 27/27 MP: 2/2
   336 | D:1      | Reached XP level 3. HP: 28/33 MP: 3/3
   572 | D:1      | Reached skill level 4 in Fighting
   805 | D:2      | Reached skill level 1 in Dodging
   946 | D:2      | Succumbed to an adder's poison

Illustrated notes

Levels and vault maps discovered:
D:1:      roderic_dead_forest, layout_loops_ring
D:2:      layout_basic, minmay_pentomino_q4

Skill      XL: |  1  2  3 |
---------------+----------+-----
Axes           | 3 |  3.3
Fighting       | 4 |  4.0
Dodging        | 1 |  1.0
Armour         | |  3.7
Shields        | |  3.7

Action                     || total
---------------------------++-------
  Melee: War axe           ||    83
 Armour: Scale mail        ||    61
  Dodge: Dodged            ||    57
  Block: Buckler           ||    20

Table legend: (Time is in decaauts)
 A = Elapsed time spent in this place.
 B = Non-inter-level travel time spent in this place.
 C = Inter-level travel time spent in this place.
 D = Time resting spent in this place.
 E = Time spent auto-exploring this place.
 F = Levels seen in this place.
 G = Mean time per level.
                   A        B        C        D        E       F      G
               +--------+--------+--------+--------+--------+-----+--------+
         Total |    976 |    936 |     40 |      0 |    686 |   2 |  488.0 |
       Dungeon |    976 |    936 |     40 |      0 |    686 |   2 |  488.0 |
               +--------+--------+--------+--------+--------+-----+--------+

Top non-repeatable levels by time:
     D:1: 746 daAuts
     D:2: 230 daAuts
